 Dungeon Crawl Stone Soup version 0.30.0-29-ga12c61a403 (webtiles) character file.

Game seed: 5355874104348567210

1238 qw the Shield-Bearer (level 8, -2/48 HPs)
             Began as a Gargoyle Fighter on June 3, 2023.
             Was an Initiate of Okawaru.
             Killed from afar by an orc wizard (6 damage)
             ... with a magic dart
             ... on level 6 of the Dungeon.
             The game lasted 00:02:43 (4461 turns).

qw the Shield-Bearer (Gargoyle Fighter)             Turns: 4461, Time: 00:02:44

Health: -2/48      AC: 18    Str: 22    XL:     8   Next: 49%
Magic:  8/8        EV: 11    Int:  9    God:    Okawaru [......]
Gold:   174        SH: 13    Dex:  9    Spells: 7/7 levels left

rFire   . . .        Y - +0 war axe
rCold   . . .        p - +0 tower shield
rNeg    + . .        j - +0 chain mail
rPois   inf          (no helmet)
rElec   +            (no cloak)
rCorr   .            (no gloves)
SInv    .            (no boots)
Will    .....        (no amulet) Stlth
                     f - +5 ring of evasion
HPRegen 0.28/turn    u - +4 ring of protection
MPRegen 0.11/turn

%: no passive effects
@: no status effects
A: sickness immunity, AC +5, negative energy resistance 1, electricity
resistance, torment resistance 1, petrification resistance
a: Renounce Religion


You were on level 6 of the Dungeon.
You worshipped Okawaru.
Okawaru was noncommittal.
You visited 2 branches of the dungeon, and saw 7 of its levels.

You collected 174 gold pieces.


Innate Abilities, Weirdness & Mutations

You are immune to sickness and miasma.
Your stone body is resilient. (AC +5)
You are immune to poison.
You resist negative energy. (rN+)
You are resistant to electric shocks. (rElec)
You are resistant to unholy torment.
You are immune to petrification.


   Skills:
 - Level 4.2 Fighting
 - Level 5.4 Axes
 - Level 3.8 Throwing
 - Level 3.2 Armour
 + Level 7.7 Shields


You had 7 spell levels left.
You didn't know any spells.
Your spell library was empty.

Inventory:

Hand Weapons
 s - a +0 flail
 Y - a +0 war axe (weapon)
Missiles
 h - 2 javelins (quivered)
Armour
 j - a +0 chain mail (worn)
 p - a +0 tower shield (worn)
Jewellery
 b - the ring "Hozery" {rPois rN++ Will+ rCorr MP-9}
   (You found it on level 2 of the Dungeon)

   [ring of willpower]

   rPois:     It protects you from poison.
   rN:        It greatly protects you from negative energy.
   MP:        It affects your magic capacity (-9).
   rCorr:     It protects you from acid and corrosion.
   Will:      It increases your willpower.
 f - a +5 ring of evasion (left hand)
 u - a +4 ring of protection (right hand)
Scrolls
 n - 2 scrolls of identify
Potions
 a - a potion of mutation
 c - a potion of invisibility {unknown}
 d - 4 potions of might
 i - 2 potions of haste
 l - a potion of heal wounds {unknown}
 m - a potion of lignification {unknown}
 o - 4 potions of resistance
 q - a potion of ambrosia {unknown}

Dungeon Overview and Level Annotations

Branches:
Dungeon (6/15)             Temple (1/1) D:5

Altars:
Ashenzari
Cheibriados
Dithmenos
Elyvilon
Gozag
Hepliaklqana
Kikubaaqudgha
Makhleb
Nemelex Xobeh
Okawaru
Qazlal
Ru
Sif Muna
Trog
Uskayaw
Xom
Yredelemnul
Zin
The Shining One

Shops:
D:5 *


Message History

The black bear bites you but does no damage.
The black bear completely misses you.
The black bear claws you but does no damage.
Something hits you but does no damage. The orc hits you but does no damage.
The black bear barely misses you.
The black bear claws you but does no damage. x2
Something hits you but does no damage. The orc misses you.
The black bear bites you but does no damage.
The black bear closely misses you.
The black bear claws you but does no damage.
Something hits you but does no damage. The orc hits you but does no damage.
The black bear bites you but does no damage.
The black bear claws you but does no damage. x2
You feel less confused. Something hits you but does no damage.
The black bear closely misses you. The black bear barely misses you.
The black bear claws you but does no damage.
The orc hits you but does no damage.
You slash the orc!
You kill the orc!
Okawaru accepts your kill.
You barely miss the black bear. You slash something!
The black bear barely misses you. The black bear misses you.
You block the black bear's attack. Something hits you but does no damage.
You hit the black bear but do no damage.
The black bear is moderately wounded.
You barely miss something. Something hits you but does no damage.
You block the black bear's attack.
The black bear claws you but does no damage.
The black bear misses you. The black bear closely misses you.
The black bear claws you but does no damage.
You block the black bear's attack. Something hits you but does no damage.
You slash the black bear!
The black bear is severely wounded.
You miss something. You block the black bear's attack. x3
You hear some strange, mumbled words.
A magic dart appears from out of thin air!
The magic dart hits you.
You die...

.# # #.# #....
o...#.#.# #..(...
...#.#.####......
.....#......#.#.# #
..........#.#.# #.##
.........#.#.#
.....#.#)h.##.#.#.#
.......#@{..#.#...#
#$)..........#
#..####^####.#######
#..#.......#.[......
#..#.......#........
.#..#.......#...#####
...#..._.....#.#....
##..#.......#.#.#.###
#..#.......#........


You could see a black bear.

Vanquished Creatures
  A hornet (D:5)
  Sigmund (D:2)
  2 ogres (D:5)
  A phantom (D:5)
  2 scorpions
  2 hounds
  A jelly (D:5)
  3 orc priests
  Ijyb (D:3)
  4 orc wizards
  6 adders
  A gnoll (D:6)
  A white imp (D:5)
  An ufetubus (D:3)
  A dart slug (D:3)
  2 worms
  15 orcs
  8 ball pythons
  8 bats
  8 endoplasms
  4 giant cockroaches
  13 goblins
  11 hobgoblins
  5 quokkas
  4 frilled lizards
  7 kobolds
  2 rats
115 creatures vanquished.

Notes
Turn   | Place    | Note
-------+----------+-------------------------------------------
     0 | D:1      | qw the Gargoyle Fighter began the quest for the Orb.
     0 | D:1      | Reached XP level 1. HP: 14/14 MP: 1/1
     0 | D:1      | 0 ||| qw: Version: 0.2-a-103-g5a998e5
     0 | D:1      | 0 ||| qw: Game counter: 1100
     0 | D:1      | 0 ||| qw: Always use a shield: true
     0 | D:1      | 0 ||| qw: God list: Okawaru
     0 | D:1      | 0 ||| qw: Allow faded altars: false
     0 | D:1      | 0 ||| qw: Do Orc after D:15 true
     0 | D:1      | 0 ||| qw: Do second Lair branch before Depths: true
     0 | D:1      | 0 ||| qw: Lair rune preference: random
     0 | D:1      | 0 ||| qw: Plans: Normal, Zot:1-4, Slime:5, God:TSO, Crypt,
                  | Tomb, Pan, Hells, Abyss, Win
     0 | D:1      | 0 ||| PLANNING D:1-11
   112 | D:1      | 112 ||| Stepping ~*~*~tactically~*~*~ (stealth).
   141 | D:1      | Reached XP level 2. HP: 16/19 MP: 2/2
   258 | D:1      | 258 ||| Stepping ~*~*~tactically~*~*~ (stealth).
   261 | D:1      | 261 ||| Stepping ~*~*~tactically~*~*~ (stealth).
   285 | D:1      | Reached skill level 3 in Axes
   342 | D:1      | Reached XP level 3. HP: 23/23 MP: 3/3
   767 | D:1      | 767 ||| UPGRADING to +0 chain mail.
   777 | D:1      | 777 ||| DROPPING +0 scale mail.
   778 | D:1      | 778 ||| READING scroll labelled SALEZOEMYM.
   779 | D:1      | 779 ||| READING scroll labelled AHA RAGOOCZOSM.
   780 | D:1      | 780 ||| READING scroll labelled AREZUY ZUMEGOEFF.
   781 | D:1      | 781 ||| READING scroll labelled PENACZOPYD.
   782 | D:1      | 782 ||| READING scroll labelled BITIROCEFI.
   783 | D:1      | 783 ||| DRINKING 2 emerald potions.
   784 | D:1      | 784 ||| DROPPING potion of degeneration.
  1016 | D:2      | Identified the ring "Hozery" {rPois rN++ Will+ rCorr MP-9}
  1192 | D:2      | Found a glowing golden altar of the Shining One.
  1192 | D:2      | Noticed Sigmund
  1211 | D:2      | Killed Sigmund
  1212 | D:2      | Reached skill level 3 in Throwing
  1212 | D:2      | Reached XP level 4. HP: 28/28 MP: 4/4
  1212 | D:2      | Reached XP level 5. HP: 32/32 MP: 5/5
  1350 | D:2      | Found a faded altar of an unknown god.
  1392 | D:2      | 1392 ||| UPGRADING to ring "Hozery" {rPois rN++ Will+ rCorr
                  | MP-9}.
  1393 | D:2      | 1393 ||| UPGRADING to ring of willpower.
  1394 | D:2      | 1394 ||| READING scroll labelled OVINTIU HOTULI.
  1398 | D:2      | 1398 ||| READING 2 scrolls of identify.
  1398 | D:2      | 1398 ||| IDENTIFYING murky purple potion
  1438 | D:3      | Reached XP level 6. HP: 37/37 MP: 0/6
  1519 | D:3      | 1519 ||| Stepping ~*~*~tactically~*~*~ (stealth).
  1530 | D:3      | 1530 ||| Stepping ~*~*~tactically~*~*~ (hiding).
  1788 | D:3      | HP: 9/37 [orc/+0 flail (6)]
  1789 | D:3      | HP: 4/37 [orc/+2 short sword of flaming (5)]
  1925 | D:3      | 1925 ||| DROPPING +1 whip of flaming.
  2126 | D:3      | Found a sparkling altar of Nemelex Xobeh.
  2201 | D:3      | Noticed Ijyb
  2211 | D:3      | Killed Ijyb
  2212 | D:3      | 2212 ||| FLEEEEING.
  2213 | D:3      | 2213 ||| FLEEEEING.
  2214 | D:3      | 2214 ||| FLEEEEING.
  2217 | D:3      | 2217 ||| FLEEEEING.
  2218 | D:3      | 2218 ||| FLEEEEING.
  2219 | D:3      | 2219 ||| FLEEEEING.
  2220 | D:3      | 2220 ||| FLEEEEING.
  2221 | D:3      | 2221 ||| FLEEEEING.
  2222 | D:3      | 2222 ||| FLEEEEING.
  2225 | D:3      | 2225 ||| FLEEEEING.
  2226 | D:3      | 2226 ||| FLEEEEING.
  2228 | D:3      | 2228 ||| FLEEEEING.
  2229 | D:3      | 2229 ||| FLEEEEING.
  2230 | D:3      | 2230 ||| FLEEEEING.
  2233 | D:3      | 2233 ||| FLEEEEING.
  2234 | D:3      | 2234 ||| FLEEEEING.
  2235 | D:3      | 2235 ||| FLEEEEING.
  2236 | D:3      | 2236 ||| FLEEEEING.
  2239 | D:3      | 2239 ||| FLEEEEING.
  2240 | D:3      | 2240 ||| FLEEEEING.
  2241 | D:3      | 2241 ||| FLEEEEING.
  2245 | D:3      | 2245 ||| FLEEEEING.
  2246 | D:3      | 2246 ||| FLEEEEING.
  2247 | D:3      | 2247 ||| FLEEEEING.
  2248 | D:3      | 2248 ||| FLEEEEING.
  2249 | D:3      | 2249 ||| FLEEEEING.
  2250 | D:3      | 2250 ||| FLEEEEING.
  2254 | D:3      | 2254 ||| FLEEEEING.
  2255 | D:3      | 2255 ||| FLEEEEING.
  2256 | D:3      | 2256 ||| FLEEEEING.
  2257 | D:3      | 2257 ||| FLEEEEING.
  2261 | D:3      | 2261 ||| FLEEEEING.
  2262 | D:3      | 2262 ||| STAIRDANCE
  2297 | D:2      | 2297 ||| UPGRADING to +4 ring of protection.
  2299 | D:2      | 2299 ||| DROPPING ring of willpower.
  2300 | D:2      | 2300 ||| READING scroll labelled MURUUS WUASIUTO.
  2301 | D:2      | 2301 ||| READING scroll labelled YMIERAKHLAO.
  2302 | D:2      | 2302 ||| READING 2 scrolls labelled GEFUOPH NETOS.
  2303 | D:2      | 2303 ||| READING scroll labelled HUUNWI PAUD.
  2304 | D:2      | 2304 ||| DRINKING 3 orange potions.
  2305 | D:2      | 2305 ||| READING 2 scrolls of identify.
  2305 | D:2      | 2305 ||| IDENTIFYING glowing ruby potion
  2306 | D:2      | 2306 ||| DROPPING potion of flight.
  2307 | D:2      | 2307 ||| DROPPING scroll of blinking.
  2360 | D:3      | 2360 ||| Stepping ~*~*~tactically~*~*~ (stealth).
  2456 | D:4      | 2456 ||| STAIRDANCE
  2661 | D:4      | Found a shimmering altar of Xom.
  2687 | D:4      | Reached XP level 7. HP: 43/43 MP: 0/7
  3034 | D:4      | Found a sacrificial altar of Ru.
  3078 | D:4      | 3078 ||| UPGRADING to +0 tower shield.
  3088 | D:4      | 3088 ||| DROPPING +0 buckler.
  3089 | D:4      | 3089 ||| UPGRADING to +5 ring of evasion.
  3160 | D:4      | 3160 ||| READING scroll labelled SONTO HIVUUFE.
  3161 | D:4      | 3161 ||| READING scroll labelled OBENIWN GEAFAU.
  3162 | D:4      | 3162 ||| READING 3 scrolls of identify.
  3162 | D:4      | 3162 ||| IDENTIFYING bubbling red potion
  3163 | D:4      | 3163 ||| READING 2 scrolls of identify.
  3163 | D:4      | 3163 ||| IDENTIFYING lumpy silvery potion
  3196 | D:5      | Entered Level 5 of the Dungeon
  3196 | D:5      | Found Jutziod's General Store.
  3209 | D:5      | Reached skill level 4 in Shields
  3231 | D:5      | Noticed a hornet
  3252 | D:5      | Killed a hornet
  3253 | D:5      | Reached skill level 6 in Shields
  3253 | D:5      | Reached XP level 8. HP: 16/48 MP: 8/8
  3436 | D:5      | Reached skill level 7 in Shields
  3436 | D:5      | 3436 ||| FLEEEEING.
  3440 | D:5      | 3440 ||| FLEEEEING.
  3441 | D:5      | 3441 ||| FLEEEEING.
  3442 | D:5      | 3442 ||| FLEEEEING.
  3443 | D:5      | 3443 ||| FLEEEEING.
  3444 | D:5      | 3444 ||| FLEEEEING.
  3445 | D:5      | 3445 ||| FLEEEEING.
  3446 | D:5      | 3446 ||| FLEEEEING.
  3447 | D:5      | 3447 ||| FLEEEEING.
  3448 | D:5      | 3448 ||| FLEEEEING.
  3449 | D:5      | 3449 ||| FLEEEEING.
  3450 | D:5      | 3450 ||| FLEEEEING.
  3451 | D:5      | 3451 ||| FLEEEEING.
  3452 | D:5      | 3452 ||| FLEEEEING.
  3453 | D:5      | 3453 ||| FLEEEEING.
  3454 | D:5      | 3454 ||| FLEEEEING.
  3455 | D:5      | 3455 ||| FLEEEEING.
  3456 | D:5      | 3456 ||| FLEEEEING.
  3456 | D:5      | Found a staircase to the Ecumenical Temple.
  3457 | D:5      | 3457 ||| PLANNING TEMPLE
  3464 | D:5      | 3464 ||| DRINKING 2 potions of curing.
  3464 | D:5      | 3464 ||| (to cure confusion)
  3480 | D:5      | 3480 ||| DRINKING potion of curing.
  3480 | D:5      | 3480 ||| (to cure confusion)
  3504 | Temple   | Entered the Ecumenical Temple
  3525 | Temple   | 3525 ||| PLANNING OKAWARU WORSHIP
  3678 | Temple   | Became a worshipper of Warmaster Okawaru
  3678 | Temple   | 3678 ||| PLANNING D:1-11
  3752 | D:5      | Found a bloodstained altar of Trog.
  3754 | D:5      | 3754 ||| Stepping ~*~*~tactically~*~*~ (hiding).
  3756 | D:5      | 3756 ||| Stepping ~*~*~tactically~*~*~ (hiding).
  3859 | D:5      | Found a faded altar of an unknown god.
  3859 | D:5      | Found a hazy altar of Hepliaklqana.
  3861 | D:5      | Found a faded altar of an unknown god.
  3927 | D:5      | Noticed a +0 hand axe
  3928 | D:5      | Found a hide-covered altar of Uskayaw.
  3928 | D:5      | Noticed a +0 dagger
  4150 | D:5      | 4150 ||| Stepping ~*~*~tactically~*~*~ (stealth).
  4152 | D:5      | 4152 ||| Stepping ~*~*~tactically~*~*~ (hiding).
  4153 | D:5      | 4153 ||| Stepping ~*~*~tactically~*~*~ (hiding).
  4156 | D:5      | 4156 ||| Stepping ~*~*~tactically~*~*~ (hiding).
  4157 | D:5      | 4157 ||| Stepping ~*~*~tactically~*~*~ (hiding).
  4158 | D:5      | 4158 ||| Stepping ~*~*~tactically~*~*~ (hiding).
  4159 | D:5      | 4159 ||| Stepping ~*~*~tactically~*~*~ (hiding).
  4302 | D:5      | 4302 ||| READING scroll labelled TARPHO QIOSCH.
  4360 | D:6      | 4360 ||| PLANNING SEWER
  4376 | D:6      | Found a burning altar of Makhleb.
  4388 | D:6      | 4388 ||| Stepping ~*~*~tactically~*~*~ (stealth).
  4390 | D:6      | 4390 ||| Stepping ~*~*~tactically~*~*~ (stealth).
  4406 | D:6      | 4406 ||| Stepping ~*~*~tactically~*~*~ (stealth).
  4439 | D:6      | 4439 ||| Stepping ~*~*~tactically~*~*~ (hiding).
  4441 | D:6      | 4441 ||| Stepping ~*~*~tactically~*~*~ (hiding).
  4450 | D:6      | HP: 12/48 [black bear (2)]
  4452 | D:6      | HP: 5/48 [black bear (2)]
  4453 | D:6      | HP: 2/48 [something (3)]
  4461 | D:6      | Killed from afar by an orc wizard

Levels and vault maps discovered:
D:1:      nicolae_arrival_washed_ashore, layout_basic, roderic_malta_cross,
          bh_walls_and_bars
D:2:      layout_basic, basic_altar, ebering_ecumenical_altar_petrified,
          uniq_sigmund
D:3:      kennysheep_the_goblin_king, layout_basic,
          mainiacjoe_overflow_cross_hatched
D:4:      layout_rooms, mainiacjoe_overflow_24_doors,
          nicolae_ru_great_annihilating_truth
D:5:      layout_basic, dancing_weapons_uskayaw, trog_hazing_becter,
          nicolae_hepliaklqana_ecumenical_no_more, temple_doors_ab,
          serial_shops, shop
D:6:      layout_basic, vehumet_crystals, lemuel_tele_altar,
          portal_sewer_entry_a
Temple:   minmay_temple_bridge_abc

Skill      XL: |  1  2  3  4  5  6  7  8 |
---------------+-------------------------+-----
Axes           | 2 3 5 |  5.4
Throwing       | 3 |  3.8
Fighting       | 4 |  4.2
Shields        | 6 7 |  7.7
Armour         | |  3.2

Action                     |  1- 3 |  4- 6 |  7- 9 || total
---------------------------+-------+-------+-------++-------
  Melee: War axe           |   138 |    98 |   133 ||   369
  Throw: Javelin           |     2 |    28 |    20 ||    50
    Use: Scroll            |     5 |     7 |     5 ||    17
         Potion            |     1 |     1 |     2 ||     4
   Stab: Invisible         |       |       |     1 ||     1
 Armour: Scale mail        |    26 |       |       ||    26
         Chain mail        |    31 |   105 |   114 ||   250
  Dodge: Dodged            |    70 |    35 |    64 ||   169
  Block: Buckler           |    20 |    32 |     5 ||    57
         Tower shield      |       |       |    67 ||    67

Table legend:
 A = Non-vault XP
 B = Vault XP
 C = Vault XP percentage of total XP
 D = Non-vault monster count
 E = Vault monster count
 F = Vault count percentage of total count
                 A         B        C        D         E       F
            +---------+---------+-------+---------+---------+-------
      Total |    1431 |     338 |  19.1 |      97 |      18 |  15.7
            +---------+---------+-------+---------+---------+-------
        D:1 |      42 |       0 |   0.0 |      26 |       0 |   0.0
        D:2 |      36 |     239 |  86.9 |      13 |       1 |   7.1
        D:3 |     171 |      47 |  21.6 |      26 |       7 |  21.2
        D:4 |     228 |      42 |  15.6 |      15 |       4 |  21.1
        D:5 |     896 |      10 |   1.1 |      14 |       6 |  30.0
        D:6 |      58 |       0 |   0.0 |       3 |       0 |   0.0
            +---------+---------+-------+---------+---------+-------
